 Dungeon Crawl Stone Soup version 0.23-b1-6-ga921848b48 (webtiles) character file.

Game seed: 3619295164990800109

1090 Infinimo the Destroyer (level 8, -1/41 HPs)
             Began as a Deep Elf Conjurer on Feb 2, 2019.
             Was a Follower of Vehumet.
             Shot with an arrow by a centaur (13 damage)
             ... on level 6 of the Dungeon.
             The game lasted 00:07:27 (6043 turns).

Infinimo the Destroyer (Deep Elf Conjurer)          Turns: 6043, Time: 00:07:27

Health: -1/41      AC:  4    Str:  6    XL:     8   Next: 9%
Magic:  19/20      EV: 14    Int: 22    God:    Vehumet [*.....]
Gold:   148        SH:  0    Dex: 15    Spells: 15/20 levels left

rFire    + . .     SeeInvis .   w - +2 dagger (drain)
rCold    . . .     Gourm    .   (no shield)
rNeg     . . .     Faith    .   a - +1 robe
rPois    +         Spirit   .   (no helmet)
rElec    .         Reflect  .   (no cloak)
rCorr    .         Harm     .   (no gloves)
MR       .....                  v - +0 pair of boots
Stlth    ++........             (no amulet)
HPRegen  0.13/turn              s - ring of poison resistance
MPRegen  0.17/turn              d - ring of protection from fire

@: about to teleport
A: no striking features
a: Renounce Religion


You were on level 6 of the Dungeon.
You worshipped Vehumet.
Vehumet was aware of your devotion.
You were not hungry.

You visited 1 branch of the dungeon, and saw 6 of its levels.

You collected 283 gold pieces.
You spent 135 gold pieces at shops.

Inventory:

Hand Weapons
 w - a +2 dagger of draining (weapon)
Armour
 a - a +1 robe (worn)
 v - a +0 pair of boots (worn)
 x - a +0 buckler
Jewellery
 d - a ring of protection from fire (right hand)
 s - a ring of poison resistance (left hand)
Scrolls
 b - a scroll of blinking
 e - 3 scrolls of fear
 g - 3 scrolls of magic mapping
 h - 3 scrolls of remove curse
 l - 3 scrolls of teleportation
 t - 2 scrolls of enchant weapon
Potions
 f - 3 potions of degeneration
 i - a potion of might
 j - 4 potions of curing
 k - 2 potions of heal wounds
 m - a potion of cancellation
 n - a potion of invisibility
 o - a potion of resistance {unknown}
 p - a potion of agility {unknown}
 q - a potion of lignification
 r - a potion of berserk rage {unknown}
Comestibles
 c - 10 rations
 u - 3 chunks of flesh


   Skills:
 - Level 4.2 Dodging
 - Level 2.4 Stealth
 + Level 2.7 Shields
 + Level 6.9 Spellcasting
 * Level 8.6 Conjurations


You had 15 spell levels left.
You knew the following spells:

 Your Spells              Type           Power        Failure   Level  Hunger
a - Magic Dart            Conj           ####         1%          1    None
b - Iskenderun's Mystic   Conj           #####...     2%          4    ###....

Your spell library contained the following spells:

 Spells                   Type           Power        Failure   Level  Hunger
 Sting                    Conj/Pois      ####         1%          1    None
 Searing Ray              Conj           #####.       1%          2    None
 Conjure Flame            Conj/Fire      ####....     4%          3    None
 Dazzling Spray           Conj/Hex       ####..       4%          3    None
 Mephitic Cloud           Conj/Pois/Air  ###.....     8%          3    None
 Blink                    Tloc           N/A          13%         2    None
 Call Imp                 Summ           #.......     13%         2    None
 Slow                     Hex            #.......     13%         2    None
 Force Lance              Conj/Tloc      ####....     14%         4    ###....
 Fulminant Prism          Conj/Hex       ####......   14%         4    ###....


Dungeon Overview and Level Annotations

Branches:
Dungeon (6/15)             Temple (0/1) D:4

Altars:
Ashenzari
Fedhas
Gozag
Kikubaaqudgha
Nemelex Xobeh
Sif Muna
Trog
Uskayaw
Vehumet

Shops:
D:4 [

Annotations:
D:4 Robin


Message History

The centaur wields a +0 shortbow.
The centaur shoots an arrow.
The arrow hits you!
Casting: Magic Dart (safe; 1% risk of failure)
Confirm with . or Enter, or press ? or * to list all spells.
Aiming: Magic Dart (safe; 1% risk of failure)
Press: ? - help, Shift-Dir - straight line, f/p - centaur
Aim: a centaur, wielding a +0 shortbow (lightly wounded)
The magic dart hits the centaur.
The centaur is moderately wounded.
The centaur shoots an arrow.
The arrow hits you!
The centaur shoots an arrow.
The arrow hits you!
* * * LOW HITPOINT WARNING * * *
The centaur shoots an arrow.
You see here an arrow.
You pick up a book of Minor Magic and begin reading...
You add the spells Blink, Call Imp, Slow, Conjure Flame and Mephitic Cloud to your library.
As you read the scroll of teleportation, it crumbles to dust.
You feel strangely unstable.
You start resting.
The centaur shoots an arrow.
The arrow hits you!
You die...

... .##..#.... ... .
........ .. .# ..
........ .c. #..
....c.##..# ...
......... #.. #....... #
# ###...#.##..# #. #
.......@##..# .#..#
###.....((..###.#.......
#.....................
#...#.##..###.#.#.....
#...#.##..............
#.........###.#.#.....
...........###.# .....
##.....###.....# .....
........####.## .....


You could see a centaur.

Vanquished Creatures
  A sky beast (D:5)
  2 orc warriors (D:6)
  2 ogres (D:4)
  3 centaurs (D:5)
  2 scorpions (D:4)
  2 hounds (D:5)
  An orc priest (D:5)
  An orc wizard (D:6)
  A worker ant (D:5)
  A howler monkey skeleton (D:5)
  5 adders
  A gnoll (D:1)
  3 worms
  3 leopard geckos
  16 orcs
  2 ball pythons
  7 bats
  7 giant cockroaches
  6 goblins
  7 hobgoblins
  4 jackals
  A quokka (D:2)
  5 frilled lizards
  9 kobolds
  A leopard gecko skeleton (D:5)
  5 rats
98 creatures vanquished.

Notes
Turn   | Place    | Note
-------+----------+-------------------------------------------
     0 | D:1      | Infinimo the Deep Elf Conjurer began the quest for the Orb.
     0 | D:1      | Reached XP level 1. HP: 10/10 MP: 6/6
     6 | D:1      | Noticed a black mamba
     6 | D:1      | Noticed a crocodile
     6 | D:1      | Noticed a six-headed hydra
     6 | D:1      | Noticed a polar bear
     6 | D:1      | Noticed a wolf
   125 | D:1      | Reached XP level 2. HP: 15/15 MP: 4/8
   651 | D:1      | Reached skill level 5 in Conjurations
   786 | D:2      | Reached XP level 3. HP: 19/19 MP: 8/10
  1752 | D:2      | Reached XP level 4. HP: 23/24 MP: 6/11
  1828 | D:2      | Learned a level 4 spell: Iskenderun's Mystic Blast
  2381 | D:3      | Found a hide-covered altar of Uskayaw.
  2734 | D:3      | Found an opulent altar of Gozag.
  2735 | D:3      | Found a bloodstained altar of Trog.
  2824 | D:4      | Found an ancient bone altar of Kikubaaqudgha.
  2827 | D:4      | Found a blossoming altar of Fedhas.
  2897 | D:4      | Reached skill level 6 in Conjurations
  2897 | D:4      | Reached XP level 5. HP: 28/28 MP: 1/13
  3007 | D:4      | Noticed Robin
  3012 | D:4      | Found a staircase to the Ecumenical Temple.
  3106 | D:4      | Found Noryobb's Antique Armour Shoppe.
  3147 | D:4      | Noticed an ogre
  3155 | D:4      | Killed an ogre
  3311 | D:4      | Bought a buckler for 135 gold pieces
  3419 | D:4      | Noticed an ogre
  3426 | D:4      | Killed an ogre
  3426 | D:4      | Reached skill level 5 in Spellcasting
  3426 | D:4      | Reached XP level 6. HP: 32/32 MP: 7/15
  3839 | D:5      | Entered Level 5 of the Dungeon
  3843 | D:5      | Found a radiant altar of Vehumet.
  3845 | D:5      | Found a sparkling altar of Nemelex Xobeh.
  3846 | D:5      | Found a deep blue altar of Sif Muna.
  4055 | D:5      | Reached skill level 1 in Shields
  4055 | D:5      | Reached skill level 7 in Conjurations
  4100 | D:5      | Became a worshipper of Vehumet
  4437 | D:5      | Reached XP level 7. HP: 30/36 MP: 4/17
  5085 | D:5      | Reached skill level 8 in Conjurations
  5329 | D:5      | Reached * piety under Vehumet
  5329 | D:5      | Offered knowledge of Sting by Vehumet.
  5483 | D:6      | Found a shattered altar of Ashenzari.
  5847 | D:6      | Reached XP level 8. HP: 35/41 MP: 7/20
  6043 | D:6      | Shot with an arrow by a centaur

Skill      XL: |  1  2  3  4  5  6  7 |
---------------+----------------------+-----
Conjurations   | 5 6 7 8 |  8.6
Dodging        | 3 4 |  4.2
Spellcasting   | 4 5 6 |  6.9
Shields        | 1 2 |  2.7
Stealth        | |  2.4

Action                   |  1- 3 |  4- 6 |  7- 9 || total
-------------------------+-------+-------+-------++-------
Melee: Unarmed           |     4 |       |       ||     4
 Cast: Magic Dart        |    88 |    78 |    70 ||   236
       Iskenderun's Myst |       |    15 |    17 ||    32
  Use: Scroll            |       |     9 |     7 ||    16
  Eat: Chunk             |     2 |     7 |     7 ||    16
       Ration            |       |     1 |       ||     1
Armor: Robe              |     2 |     1 |     5 ||     8
Dodge: Dodged            |    11 |    13 |    24 ||    48
